Map: Overgrowth LE (Void)

Players

Dedhawanna - Winner!

  • Race: Terran Terran
  • League: Diamond
  • Spawn Location: 1:00

Emil

  • Race: Terran Terran
  • League: Diamond
  • Spawn Location: 7:00

VOD

Have the link to the VOD?

Description

Time

  • Played on: Nov. 24, 2016, 2:40 p.m.
  • Length: 2:58
Show
View Real Time Build Order
Export as new Build Order

Dedhawanna Terran - Winner!

Build Orders:  

Get SALT Encoding   

  12  0:12  Supply Depot  
  12  0:35  Barracks  
  12  0:46  Barracks  
  12  1:12  Barracks  
  12  1:22  Marine  
  13  1:25  Orbital Command  
  13  1:33  Marine  
  14  1:40  Marine  
  15  1:52  SCV  
  15  1:53  Marine  
  17  1:58  Marine  
  17  1:59  Marine  
  19  2:12  Marine  
  20  2:16  Marine  
  20  2:18  Marine  
  22  2:30  Marine  
  22  2:35  Marine  
  22  2:36  Marine  
Show
View Real Time Build Order
Export as new Build Order

Emil Terran 

Build Orders:  

Get SALT Encoding   

  12  0:01  SCV  
  13  0:14  Supply Depot  
  13  0:19  SCV  
  14  0:31  Refinery, SCV  
  15  0:41  Barracks  
  15  0:54  SCV  
  16  1:14  SCV  
  17  1:26  SCV  
  18  1:40  Orbital Command  
  18  1:42  Marine  
  19  1:47  Factory  
  19  1:49  Bunker  
  19  2:02  Bunker  
  19  2:06  Marine  
  17  2:16  Bunker  
  17  2:24  Marine  
  17  2:36  Bunker  
Tags
 
Matchup
TvT
Race
Terran
Replay Pack
EmSC2Tv
Spawn Locations
Cross Positions
Add a new tag
Caveats
  • Supply blocks, unpowered buildings, or Contaminate may cause inaccurate times.
  • Supply counts are checked every 10 seconds.